 Dungeon Crawl Stone Soup version 0.31-b1-18-g61460d1e46 (webtiles) character file.

Game seed: 11985439335613392917

9881 unlimited1921 the Blocker (level 11, -1/66 HPs)
             Began as a Djinni Fire Elementalist on Jan 16, 2024.
             Was a Priest of Ashenzari.
             Slain by an orange demon (6 damage)
             ... summoned by a kobold demonologist
             ... on level 11 of the Dungeon.
             The game lasted 01:13:59 (18161 turns).

unlimited1921 the Blocker (DjFE)                   Turns: 18161, Time: 01:14:01

Health: -1/66      AC: 11    Str:  7    XL:     11   Next: 82%
Gold:   189        EV: 17    Int: 18    God:    Ashenzari [***...] SH:  0 Dex: 21

rFire   + + +        D - +3 flail "Peatorod" {flame, rElec rN+}
rCold   . . .        (no shield)
rNeg    + . .        J - +0 steam dragon scales "Chained Seer" {Fort, Comp} (curse)
rPois   ∞            q - +0 helmet of Ashenzari's Blue Moon {Elem, Dev} (curse)
rElec   +            s - +0 cloak "Gloom of Ashenzari" {Dev, Comp} (curse)
rCorr   .            p - +0 pair of gloves "Profound Awkwardness" {Fort, Sorc} (curse)
SInv    +            (boots unavailable)
Will    ++...        K - amulet of Ashenzari's Doubts {Regen+, Fort, Range} (curse)
Stlth   +++          e - ring "Teitic" {rF+ Slay+2}
HPRegen 1.11/turn    r - ring "Xonu" {rF+ rC+ Int-2 Dex+6}
MPRegen 0.00/turn

%: clarity, infuse magic (-2 HP)
@: flying
A: sickness immunity, fire resistance 2, cold vulnerability 1, float, innate
caster, HP casting, extra vitality 1, clarity, deterioration 1, strong-willed 1
a: Renounce Religion, Curse Item, Shatter the Chains


You were on level 11 of the Dungeon.
You worshipped Ashenzari.
Ashenzari was most pleased with you.
You visited 3 branches of the dungeon, and saw 13 of its levels.

You collected 606 gold pieces.
You spent 417 gold pieces at shops.

Inventory:

Hand Weapons
 d - a +0 spear of freezing
 D - the +3 flail "Peatorod" (weapon) {flame, rElec rN+}
   (You found it on level 5 of the Dungeon)

   rElec:     It insulates you from electricity.
   rN+:       It protects you from negative energy.
 M - a +3 flail of protection
 P - a +3 dire flail of freezing
 Z - the +6 trident of Ogafun {drain, rElec rN+ Int+3}
   (You took it off an orc on level 10 of the Dungeon)

   Int+3:     It affects your intelligence (+3).
   rElec:     It insulates you from electricity.
   rN+:       It protects you from negative energy.
Missiles
 I - 6 darts of dispersal
Armour
 p - the cursed +0 pair of gloves "Profound Awkwardness" (worn) {Fort, Sorc}
   (You found it on level 3 of the Dungeon)

   It has a curse which improves the following skills: Fortitude: Armour and
   Shields.
   Sorcery:   Conjurations and Alchemy.
 q - the cursed +0 helmet of Ashenzari's Blue Moon (worn) {Elem, Dev}
   (You took it off Robin on level 3 of the Dungeon)

   It has a curse which improves the following skills: Elements: Fire Magic, Ice
   Magic, Air Magic and Earth Magic.
   Devices:   Evocations and Shapeshifting.
 s - the cursed +0 cloak "Gloom of Ashenzari" (worn) {Dev, Comp}
   (You found it on level 3 of the Dungeon)

   It has a curse which improves the following skills: Devices: Evocations and
   Shapeshifting.
   Companions: Summonings and Necromancy.
 y - a +0 helmet
 E - a +0 tower shield
 J - the cursed +0 steam dragon scales "Chained Seer" (worn) {Fort, Comp}
   (You found it on level 8 of the Dungeon)

   It has a curse which improves the following skills: Fortitude: Armour and
   Shields.
   Companions: Summonings and Necromancy.
 O - a +0 pair of gloves
 Y - a +3 leather armour
Jewellery
 e - the ring "Teitic" (left hand) {rF+ Slay+2}
   (You found it on level 2 of the Dungeon)

   [ring of protection from fire]

   Slay+2:    It affects your accuracy & damage with ranged weapons and melee
   (+2).
   rF+:       It protects you from fire.
 r - the ring "Xonu" (right hand) {rF+ rC+ Int-2 Dex+6}
   (You found it on level 6 of the Dungeon)

   [ring of dexterity]

   Int-2:     It affects your intelligence (-2).
   Dex+6:     It affects your dexterity (+6).
   rF+:       It protects you from fire.
   rC+:       It protects you from cold.
 A - a ring of positive energy
 H - a ring of protection from fire
 K - the cursed amulet of Ashenzari's Doubts (around neck) {Regen+, Fort, Range}
   (You found it on level 7 of the Dungeon)

   [amulet of regeneration]

   Regen+:    It increases your rate of health regeneration.
   It has a curse which improves the following skills: Fortitude: Armour and
   Shields.
   Ranged Combat: Ranged Weapons and Throwing.
Talismans
 z - a flux talisman
 U - a serpent talisman
Wands
 t - a wand of flame (23)
 w - a wand of polymorph (6)
 N - a wand of acid (12)
 S - a wand of roots (6)
 X - a wand of digging (7)
Scrolls
 a - a scroll of fear
 g - 3 scrolls of teleportation
 h - a scroll of summoning
 i - 2 scrolls of poison
 j - 3 scrolls of blinking
 l - 2 scrolls of enchant weapon
 m - 3 scrolls of fog
 n - 10 scrolls of identify
 C - 5 scrolls of brand weapon
 G - a scroll of silence
 T - 5 scrolls of enchant armour
 W - a scroll of acquirement
Potions
 b - 2 potions of enlightenment
 c - 4 potions of lignification
 f - a potion of cancellation
 k - 5 potions of curing
 o - a potion of berserk rage
 u - 4 potions of heal wounds
 v - 3 potions of brilliance
 R - a potion of resistance
 V - a potion of might


   Skills:
 + Level 0.4 Fighting
 + Level 1.4 Maces & Flails
 * Level 7.5(10.5) Armour
 * Level 7.6 Dodging
 + Level 4.3 Stealth
 * Level 9.2(12.2) Shields
 * Level 8.7 Spellcasting
 * Level 8.7(10.2) Conjurations
 * Level 8.7 Hexes
 * Level 8.7(11.0) Summonings
 * Level 8.7(11.0) Necromancy
 * Level 8.7 Translocations
 * Level 8.7(10.2) Fire Magic
 * Level 8.7(10.2) Ice Magic
 * Level 8.7(10.2) Air Magic
 * Level 8.7(10.2) Earth Magic
 * Level 8.7(10.2) Alchemy


You knew the following spells:

 Your Spells              Type           Power      Damage    Failure   Level
a - Foxfire               Conj/Fire      100%       2x1d9     1%          1
b - Scorch                Fire           88%        2d8       1%          2
c - Volatile Blastmotes   Fire/Tloc      82%        2d16      1%          3
d - Inner Flame           Hex/Fire       41%        N/A       1%          3
e - Flame Wave            Conj/Fire      44%        2d11      1%          4
f - Shock                 Conj/Air       100%       1d9       1%          1
g - Momentum Strike       Conj/Tloc      82%        3d10      1%          2
h - Tukima's Dance        Hex            39%        N/A       1%          3
i - Anguish               Hex/Necr       21%        N/A       1%          4
j - Iskenderun's Mystic   Conj/Tloc      41%        2d9       1%          4
Your spell library was empty.

Dungeon Overview and Level Annotations

Branches:
Dungeon (11/15)            Temple (1/1) D:5            Lair (1/5) D:8
    Orc: D:9-12

Altars:
Ashenzari
Cheibriados
Dithmenos
Elyvilon
Fedhas
Gozag
Hepliaklqana
Makhleb
Nemelex Xobeh
Okawaru
Qazlal
Ru
Trog
Uskayaw
Wu Jian
Xom
Yredelemnul
Zin
The Shining One

Shops:
D:3 !   D:9 ?

Portals:
Trove: D:11 (give 12 potions of heal wounds)


Innate Abilities, Weirdness & Mutations

You are immune to sickness and miasma.
You are immune to poison.
Your flesh is very heat resistant. (rF++)
You are vulnerable to cold. (rC-)
You float through the air rather than walking.
You learn spells naturally, not from books.
Your magical power is your life essence.
You have superior vitality. (+4 MHP)
You possess an exceptional clarity of mind.
Your body sometimes deteriorates upon taking damage.
You are strong-willed. (Will+)


Message History

The mystic blast hits the crimson imp but does no damage.
The crimson imp is heavily wounded.
The crimson imp barely misses you.
Unknown command.
Casting: Iskenderun's Mystic Blast (dangerous; 1% risk of failure)
Confirm with . or Enter, or press ? or * to list all spells.
You don't know that spell.
The orange demon barely misses you.
Casting: Iskenderun's Mystic Blast (dangerous; 1% risk of failure)
Confirm with . or Enter, or press ? or * to list all spells.
You erupt in a blast of force!
The mystic blast hits the neqoxec.
The neqoxec is severely wounded.
The neqoxec is knocked back by the mystic blast.
The neqoxec slams into the rock wall!
The neqoxec is almost dead.
The mystic blast hits the orange demon!
The orange demon is heavily wounded.
The orange demon is knocked back by the mystic blast.
The mystic blast hits the kobold demonologist!
The kobold demonologist is severely wounded.
The kobold demonologist is knocked back by the mystic blast.
The mystic blast hits the sun demon!
The sun demon is moderately wounded.
The mystic blast hits the crimson imp!
You kill the crimson imp!
The crimson imp disappears in a puff of smoke!
Casting: Iskenderun's Mystic Blast (dangerous; 1% risk of failure)
Confirm with . or Enter, or press ? or * to list all spells.
You erupt in a blast of force!
The mystic blast hits the kobold demonologist.
The kobold demonologist is almost dead.
The kobold demonologist is knocked back by the mystic blast.
The kobold demonologist miscasts a cantrip.
The sun demon attacks as it pursues you!
The sun demon hits you!
* * * LOW HITPOINT WARNING * * *
You are engulfed in flames.
You resist.
* * * LOW HITPOINT WARNING * * *
The orange demon stings you from afar.
You die...

#.# ########'###
#.# ########.##
#.# #.........#
#.# #.........#
##.........#
#......3...###
#....4.......##
#.........8...#
#.....@3.8.8..#
#.....K.8.∩.8.#
#.?......8.8..#
#.........8...#
...#############
###


You could see a sun demon (summoned), an orange demon (summoned), a kobold
demonologist and a neqoxec (summoned, anguished).

Vanquished Creatures
  A hydra (Lair:1)
  A two-headed ogre (D:10)
  The ghost of tab the Mimic, a novice DgSh (D:6)
  An unseen horror (D:9)
  A komodo dragon (D:10)
  Grinder (D:6)
  A shadow (D:9)
  6 yaks (D:9)
  2 wyverns (D:9)
  A steam dragon (D:8)
  A warg (D:8)
  3 vampire mosquitoes (D:6)
  Edmund (D:4)
  An acid dragon (D:8)
  3 water moccasins
  6 orc warriors
  A sky beast (D:6)
  2 ice beasts (D:5)
  2 wolves (D:8)
  2 ogres
  5 bullfrogs
  2 gnoll sergeants
  2 scorpions (D:5)
  4 wights (D:7)
  14 killer bees
  3 howler monkeys
  3 quasits
  3 hounds
  10 orc priests
  A bombardier beetle (D:5)
  4 jellies
  5 sleepcaps
  2 iguanas
  15 orc wizards
  Robin (D:3)
  14 gnolls
  An adder (D:2)
  2 shadow imps (D:8)
  4 white imps
  2 ufetubi (D:8)
  2 ribbon worms
  5 dart slugs
  47 orcs
  4 bats
  7 endoplasms
  A giant cockroach (D:2)
  6 goblins
  9 hobgoblins
  12 jackals
  3 quokkas
  4 ball pythons
  3 frilled lizards
  4 kobolds
  5 rats
247 creatures vanquished.

Vanquished Creatures (collateral kills)
  A two-headed ogre (D:9)
  6 foxfires (D:8)
7 creatures vanquished.

Vanquished Creatures (others)
  A dancing weapon (D:7)
  A black bear (D:8)
  A centaur (D:7)
  A gnoll sergeant (D:7)
  A killer bee (D:9)
  1159 foxfires
1164 creatures vanquished.

Grand Total: 1418 creatures vanquished

Notes
Turn   | Place    | Note
-------+----------+-------------------------------------------
     0 | D:1      | unlimited1921 the Djinni Fire Elementalist began the quest
                  | for the Orb.
     0 | D:1      | unlimited1921 set off with the following spells memorised:
                  | Foxfire, Scorch, Volatile Blastmotes, Inner Flame, Flame
                  | Wave.
     0 | D:1      | Reached XP level 1. HP: 15/15 MP: 0/0
   658 | D:1      | Reached XP level 2. HP: 17/21 MP: 0/0
  1046 | D:1      | You are sucked into a shaft and drop 1 floor!
  1296 | D:2      | Identified the ring "Teitic" {rF+ Slay+2}
  1358 | D:2      | Gained mutation: You are strong-willed. (Will+) [potion of
                  | mutation]
  1358 | D:2      | Gained mutation: Your body sometimes deteriorates upon
                  | taking damage. [potion of mutation]
  1673 | D:2      | Reached XP level 3. HP: 14/25 MP: 0/0
  1673 | D:2      | Learned a level 1 spell: Shock
  1675 | D:2      | Reached XP level 4. HP: 13/31 MP: 0/0
  4276 | D:3      | Found a faded altar of an unknown god.
  4278 | D:3      | Noticed Robin
  4282 | D:3      | Killed Robin
  4283 | D:3      | Reached XP level 5. HP: 24/35 MP: 0/0
  4283 | D:3      | Learned a level 2 spell: Momentum Strike
  4833 | D:3      | Reached skill level 1 in Armour
  5591 | D:3      | Found Meecoxuq's Distillery.
  5600 | D:3      | Bought a potion of heal wounds for 65 gold pieces
  5600 | D:3      | Bought a potion of brilliance for 52 gold pieces
  6152 | D:4      | Noticed Edmund
  6160 | D:4      | Killed Edmund
  6161 | D:4      | Reached XP level 6. HP: 23/40 MP: 0/0
  7286 | D:5      | Entered Level 5 of the Dungeon
  7298 | D:5      | Reached XP level 7. HP: 23/45 MP: 0/0
  7298 | D:5      | Learned a level 3 spell: Tukima's Dance
  8129 | D:5      | Found a shadowy altar of Dithmenos.
  8389 | D:5      | Reached skill level 5 in Spellcasting
  8389 | D:5      | Reached skill level 5 in Conjurations
  8389 | D:5      | Reached skill level 5 in Hexes
  8389 | D:5      | Reached skill level 5 in Summonings
  8389 | D:5      | Reached skill level 5 in Necromancy
  8389 | D:5      | Reached skill level 5 in Translocations
  8389 | D:5      | Reached skill level 5 in Fire Magic
  8389 | D:5      | Reached skill level 5 in Ice Magic
  8389 | D:5      | Reached skill level 5 in Air Magic
  8389 | D:5      | Reached skill level 5 in Earth Magic
  8389 | D:5      | Reached skill level 5 in Alchemy
  8389 | D:5      | Reached XP level 8. HP: 40/50 MP: 0/0
  8693 | D:5      | Found a staircase to the Ecumenical Temple.
  8753 | Temple   | Entered the Ecumenical Temple
  8814 | Temple   | Became a worshipper of Ashenzari the Shackled
  9185 | D:5      | Identified the +3 flail "Peatorod" {flame, rElec rN+}
  9398 | D:6      | Reached XP level 9. HP: 30/55 MP: 0/0
  9398 | D:6      | Learned a level 4 spell: Anguish
  9538 | D:6      | Found a transporter.
  9540 | D:6      | Noticed tab's ghost (novice DgSh)
  9601 | D:6      | Reached skill level 1 in Shields
  9863 | D:6      | Reached skill level 2 in Shields
 10212 | D:6      | Noticed Grinder
 10225 | D:6      | Killed Grinder
 10226 | D:6      | Reached skill level 3 in Shields
 10282 | D:6      | Found a transporter.
 10317 | D:6      | Reached * piety under Ashenzari
 10497 | D:6      | Identified the ring "Xonu" {rF+ rC+ Int-2 Dex+6}
 10507 | D:6      | Killed tab's ghost
 10508 | D:6      | Reached skill level 5 in Armour
 10508 | D:6      | Reached skill level 5 in Shields
 11093 | D:7      | Reached XP level 10. HP: 30/60 MP: 0/0
 11261 | D:7      | Reached skill level 6 in Shields
 12003 | D:7      | Reached skill level 7 in Shields
 12132 | D:7      | Reached ** piety under Ashenzari
 12471 | D:8      | HP: 3/60 [wolf (2)]
 12843 | D:8      | Reached skill level 5 in Dodging
 13202 | D:8      | Reached *** piety under Ashenzari
 13815 | D:8      | Found a staircase to the Lair.
 14555 | Lair:1   | Entered Level 1 of the Lair of Beasts
 14560 | Lair:1   | Noticed a five-headed hydra
 14568 | Lair:1   | Killed a five-headed hydra
 14569 | Lair:1   | Reached skill level 8 in Shields
 14692 | Lair:1   | Noticed a death yak
 14697 | Lair:1   | Noticed a death yak
 14699 | Lair:1   | Noticed a death yak
 14699 | Lair:1   | Noticed a death yak
 14812 | D:9      | Reached XP level 11. HP: 65/65 MP: 0/0
 14812 | D:9      | Learned a level 4 spell: Iskenderun's Mystic Blast
 14845 | D:9      | Found Aceg's Magic Scroll Shoppe.
 14851 | D:9      | Bought 3 scrolls of enchant armour for 225 gold pieces
 14851 | D:9      | Bought a scroll of enchant armour for 75 gold pieces
 15192 | D:9      | Reached skill level 1 in Maces & Flails
 15366 | D:9      | Noticed a two-headed ogre
 15373 | D:9      | Killed a two-headed ogre
 16128 | D:10     | Entered Level 10 of the Dungeon
 16394 | D:10     | Reached skill level 9 in Shields
 16408 | D:10     | Identified a scroll of acquirement
 16552 | D:10     | Found a bloodstained altar of Trog.
 17021 | D:10     | Noticed a two-headed ogre
 17029 | D:10     | Killed a two-headed ogre
 17085 | D:10     | Identified the +6 trident of Ogafun {drain, rElec rN+
                  | Int+3}
 18013 | D:11     | Noticed a skeletal warrior
 18016 | D:11     | Noticed a four-headed hydra
 18016 | D:11     | Noticed a cyclops
 18016 | D:11     | Identified the Tractate on Rot and Attendants
 18025 | D:11     | Noticed a five-headed hydra
 18025 | D:11     | Noticed a manticore
 18026 | D:11     | Noticed a red ugly thing
 18026 | D:11     | Noticed a tengu warrior
 18058 | D:11     | Noticed a cyclops
 18145 | D:11     | Found a portal to a secret trove of treasure.
 18152 | D:11     | Noticed a sun demon
 18153 | D:11     | Gained mutation: You possess an exceptional clarity of
                  | mind. [a neqoxec]
 18161 | D:11     | Slain by an orange demon

Illustrated notes

Levels and vault maps discovered:
D:1:      minmay_arrival_four_houses, layout_basic
D:2:      layout_rooms, basic_altar, serial_park_tiny_pond, minmay_misc_feat_x,
          hangedman_abyss_or_decor_stabs, st_stairs_11
D:3:      layout_loops_cross, chequers_ecumenical_altar_simple, serial_shops,
          shop, minmay_fractal_squares_5, uniq_robin
D:4:      layout_basic, dreamdust_princess_corridor, uniq_edmund
D:5:      layout_gridville, mainiacjoe_overflow_two_lobes,
          minmay_temple_entry_tees
D:6:      layout_loops_cross, gammafunk_ghost_stat_death, uniq_grinder
D:7:      layout_loops_ring, minmay_misc_feat_doors, minmay_misc_feat_roman,
          nicolae_tricolors
D:8:      layout_loops_cross, erik_lair_orcish_takeover, serial_demonic,
          serial_demonic_e, serial_demonic_e, serial_demonic_b, serial_demonic_f
D:9:      layout_roguey, serial_shops, nicolae_shop_back_alley_shop, st_stairs_3
D:10:     layout_roguey, mainiacjoe_overflow_alcove_4, lightli_church_of_beogh
D:11:     layout_basic, enter_trove_2, minivault_12
Temple:   compressed_dpeg_triangle_lava_temple
Lair:1:   layout_cave_shapes, gauntlet_entry_generic,
          chequers_serial_rivers_micro_b

Skill      XL: |  1  2  3  4  5  6  7  8  9 10 11 |
---------------+----------------------------------+-----
Stealth        | 2 3 4 |  4.3
Dodging        | 3 4 6 7 |  7.6
Armour         | 2 3 4 5 6 7 |  7.5
Spellcasting   | 4 5 6 7 8 |  8.7
Conjurations   | 4 5 6 7 8 |  8.7
Hexes          | 4 5 6 7 8 |  8.7
Summonings     | 4 5 6 7 8 |  8.7
Necromancy     | 4 5 6 7 8 |  8.7
Translocations | 4 5 6 7 8 |  8.7
Fire Magic     | 4 5 6 7 8 |  8.7
Ice Magic      | 4 5 6 7 8 |  8.7
Air Magic      | 4 5 6 7 8 |  8.7
Earth Magic    | 4 5 6 7 8 |  8.7
Alchemy        | 4 5 6 7 8 |  8.7
Shields        | 5 8 9 |  9.2
Maces & Flails | 1 |  1.4
Fighting       | |  0.4

Action                     |  1- 3 |  4- 6 |  7- 9 | 10-12 || total
---------------------------+-------+-------+-------+-------++-------
  Melee: Flail             |       |       |       |    21 ||    21
         Punch             |       |       |       |     1 ||     1
   Cast: Foxfire           |    59 |   156 |   144 |   342 ||   701
         Scorch            |     3 |     9 |    26 |    62 ||   100
         Inner Flame       |       |     4 |    15 |    53 ||    72
         Shock             |       |     3 |       |     8 ||    11
         Momentum Strike   |       |     1 |       |       ||     1
         Tukima's Dance    |       |       |     2 |     3 ||     5
         Anguish           |       |       |     3 |    13 ||    16
         Flame Wave        |       |       |     3 |     2 ||     5
         Volatile Blastmot |       |       |     1 |       ||     1
         Iskenderun's Myst |       |       |       |    20 ||    20
 Invoke: Curse Item        |       |       |     2 |     3 ||     5
    Use: Potion            |     2 |       |       |     1 ||     3
         Scroll            |     1 |       |     1 |     1 ||     3
 Armour: Robe              |    12 |     1 |       |       ||    13
         Leather armour    |       |    17 |    29 |    28 ||    74
         Steam dragon scal |       |       |       |    43 ||    43
  Dodge: Dodged            |    17 |    16 |    27 |   106 ||   166
